 Dungeon Crawl Stone Soup version 0.22.1-2-g9c5b331 (webtiles) character file.

7406 tidbits the Summoner (level 11, -8/81 HPs)
             Began as a Gnoll Summoner on Dec 6, 2018.
             Was an Elder of Cheibriados.
             Mangled by an entropy weaver (16 damage)
             ... on level 4 of the Lair of Beasts.
             The game lasted 00:37:06 (3511 turns).

tidbits the Summoner (Gnoll Summoner)               Turns: 3511, Time: 00:37:07

Health: -8/81      AC:  0    Str: 20    XL:     11   Next: 14%
Magic:  20/22      EV: 19    Int: 34    God:    Cheibriados [****..]
Gold:   494        SH:  0    Dex: 25    Spells: 13/25 levels left

rFire    . . .     SeeInvis .   a - +0 dagger
rCold    . . .     Gourm    .   (no shield)
rNeg     . . .     Faith    .   f - +0 robe
rPois    .         Spirit   .   E - +2 helmet
rElec    .         Reflect  .   (no cloak)
rCorr    .         Harm     .   (no gloves)
MR       +....                  (no boots)
Stlth    ++++......             R - amulet of regeneration
HPRegen  0.63/turn              H - ring of protection from magic
MPRegen  0.18/turn              (no ring)

@: corroded, very slow
A: distributed training, fangs 1, iridescent scales 1, clever 1, strong nose
a: Bend Time, Temporal Distortion, Slouch, Renounce Religion


You were on level 4 of the Lair of Beasts.
You worshipped Cheibriados.
Cheibriados was greatly pleased with you.
You were not hungry.

You visited 2 branches of the dungeon, and saw 14 of its levels.
You also visited: Ossuary.

You collected 676 gold pieces.
You spent 182 gold pieces at shops.

Inventory:

Hand Weapons
 a - a +0 dagger (weapon)
 b - a +3 flail of holy wrath
   (You bought it in a shop on level 7 of the Dungeon)
 g - a +0 blowgun
 i - a +0 shortbow
 m - a +0 hunting sling
 n - a +2 whip of distortion
   (You took it off a kobold on level 3 of the Dungeon)
 w - a +2 whip of freezing
   (You took it off Pikel on level 5 of the Dungeon)
 y - a +0 broad axe
 N - a +2 hand axe of freezing
   (You took it off an orc priest on level 7 of the Dungeon)
 O - a +1 rapier of freezing
   (You found it on level 7 of the Dungeon)
 T - a +0 trident
 Y - a +0 arbalest
Missiles
 h - 87 bolts
 j - 8 javelins
 k - 82 stones
 p - 145 arrows
 x - 82 sling bullets
 M - 3 steel tomahawks
 Q - 13 tomahawks (quivered)
Armour
 f - a +0 robe (worn)
 u - a cursed +0 ring mail
 E - a +2 helmet (worn)
 J - a +0 shield
Magical Staves
 v - an uncursed staff of air
   (You found it on level 5 of the Dungeon)
 Z - an uncursed staff of earth
   (You found it on level 2 of the Lair of Beasts)
Jewellery
 H - a ring of protection from magic (left hand)
   (You found it on level 7 of the Dungeon)
 R - an amulet of regeneration (around neck)
   (You found it on level 4 of the Dungeon)
Wands
 P - a wand of polymorph (15)
 S - a wand of paralysis (18)
 U - a wand of scattershot (12)
 W - a wand of flame (36)
 X - a wand of acid (5)
Scrolls
 d - 4 scrolls of teleportation
 l - a scroll of enchant armour
 o - a scroll of fear
 r - 5 scrolls of remove curse
 s - 2 scrolls of enchant weapon
 t - 2 scrolls of blinking {unknown}
 F - 2 scrolls of immolation {unknown}
 I - a scroll of noise {unknown}
 K - a scroll of amnesia
 L - 5 scrolls of fog
 V - a scroll of vulnerability {unknown}
Potions
 e - a potion of agility {unknown}
 q - a potion of lignification
 z - a potion of berserk rage {unknown}
 A - 2 potions of flight {unknown}
 B - 3 potions of haste {unknown}
 C - 4 potions of curing {unknown}
 D - 2 potions of might
 G - a potion of ambrosia
Comestibles
 c - 10 rations


   Skills:
 + Level 5.9 Fighting
 + Level 5.9 Short Blades
 + Level 5.9 Long Blades
 + Level 5.9 Axes
 + Level 5.9 Maces & Flails
 + Level 5.9 Polearms
 + Level 5.9 Staves
 + Level 5.9 Slings
 + Level 5.9 Bows
 + Level 5.9 Crossbows
 + Level 5.9 Throwing
 + Level 5.9 Armour
 + Level 7.5 Dodging
 + Level 7.3 Stealth
 + Level 5.9 Shields
 + Level 5.9 Unarmed Combat
 + Level 7.8 Spellcasting
 + Level 4.9 Conjurations
 + Level 4.9 Hexes
 + Level 4.9 Charms
 + Level 8.7 Summonings
 + Level 4.9 Necromancy
 + Level 4.9 Translocations
 + Level 4.9 Transmutations
 + Level 4.9 Fire Magic
 + Level 4.9 Ice Magic
 + Level 4.9 Air Magic
 + Level 4.9 Earth Magic
 + Level 4.9 Poison Magic
 + Level 6.5 Invocations
 + Level 5.9 Evocations


You had 13 spell levels left.
You knew the following spells:

 Your Spells              Type           Power        Failure   Level  Hunger
a - Summon Small Mammal   Summ           ####         1%          1    None
c - Call Canine Familiar  Summ           ######..     1%          3    None
i - Call Imp              Summ           ######..     1%          2    None
p - Passwall              Tmut/Erth      #####...     1%          2    None
L - Summon Lightning Spi  Summ/Air       ######..     1%          4    None

Your spell library contained the following spells:

 Spells                   Type           Power        Failure   Level  Hunger
 Magic Dart               Conj           ####         1%          1    None
 Sandblast                Erth           #####.       1%          1    None
 Searing Ray              Conj           #####.       1%          2    None
 Dazzling Spray           Conj/Hex       #####.       1%          3    None
 Stone Arrow              Conj/Erth      #####.       1%          3    None
 Summon Guardian Golem    Hex/Summ       ######..     1%          3    None
 Summon Ice Beast         Ice/Summ       ######..     1%          4    None
 Force Lance              Conj/Tloc      #####...     4%          4    None
 Fulminant Prism          Conj/Hex       #####.....   4%          4    None
 Iskenderun's Mystic Bla  Conj           #####...     4%          4    None
 Petrify                  Tmut/Erth      #####...     4%          4    None
 Bolt of Magma            Conj/Fire/Erth #####.....   12%         5    ####...
 Iskenderun's Battlesphe  Conj/Chrm      #####...     12%         5    ####...
 Lee's Rapid Deconstruct  Erth           #####.....   12%         5    ####...
 Venom Bolt               Conj/Pois      #####.....   12%         5    ####...
 Iron Shot                Conj/Erth      #####.....   56%         6    #####..
 Spellforged Servitor     Conj/Summ      ######....   86%         7    #######
 Orb of Destruction       Conj           #####.....   98%         7    #######


Dungeon Overview and Level Annotations

Branches:
Dungeon (9/15)             Temple (0/1) D:7            Lair (5/6) D:9
    Orc (0/2) D:9
  Swamp: Lair:2-4    Shoals: Lair:2-4     Snake: Lair:2-4    Spider: Lair:2-4
  Slime: Lair:5-6

Altars:
Cheibriados
Hepliaklqana
Makhleb
The Shining One

Shops:
D:7 (

Annotations:
Lair:2 2 transporters, colophon's ghost, journeyman KoEn
Lair:5 exclusion: oklob plant


Innate Abilities, Weirdness & Mutations

Your experience applies equally to all skills.
You have very sharp teeth.
Your uncanny sense of smell can sniff out nearby items.
You are partially covered in iridescent scales. (AC +2)
Your mind is acute. (Int +2)


Message History

You slash the blink frog!
The blink frog hits your lightning spire.
The blink frog misses you.
The blink frog hits you but does no damage.
The blink frog blinks!
The blink frog completely misses you.
The blink frog blinks!
You miss the blink frog.
The blink frog is moderately wounded.
The blink frog barely misses you.
Your lightning spire shoots out a bolt of lightning at the blink frog!
The bolt of electricity hits the blink frog. x2
The blink frog dies!
Cheibriados thoroughly appreciates the change of pace.
You have reached level 11!
The bolt of electricity hits your lightning spire.
Your lightning spire completely resists.
The blink frog blinks!
Unknown command.
Your lightning spire shoots out a bolt of lightning at the blink frog!
The bolt of electricity hits the blink frog.
Your lightning spire shoots out a bolt of lightning at the blink frog!
The bolt of electricity hits the blink frog.
You see here a blink frog corpse.
You strike the helpless blink frog from behind!
You slash the blink frog!
You kill the blink frog!
Cheibriados appreciates the change of pace.
Your lightning spire shoots out a bolt of lightning at the blink frog!
The bolt of electricity hits the blink frog.
The blink frog dies!
Cheibriados appreciates the change of pace.
The blink frog blinks!
You butcher the blink frog corpse.
Your lightning spire disappears in a puff of smoke!
Things that are here:
4 chunks of flesh; a blink frog skeleton
Okay, then.
Casting: Summon Lightning Spire (safe; 1% risk of failure)
Confirm with . or Enter, or press ? or * to list all spells.
Aiming: Summon Lightning Spire (safe; 1% risk of failure)
Press: ? - help, Dir - move target cursor An electric hum fills the air.
Unknown command.
You closely miss the blink frog. Your bite misses the blink frog.
The blink frog is lightly wounded.
The blink frog closely misses you. The blink frog hits you!
* * * LOW HITPOINT WARNING * * *
Your lightning spire shoots out a bolt of lightning at the blink frog!
The bolt of electricity hits the blink frog. x2
The bolt of electricity hits your lightning spire.
Your lightning spire completely resists.
You catch the helpless blink frog completely off-guard!
You slash the blink frog!
You kill the blink frog!
Cheibriados thoroughly appreciates the change of pace.
Okay, then.
Unknown command.
You hit the plant but do no damage.
Found a ration.
You see here a ration.
c - 10 rations (gained 1)
A porcupine comes into view.
Unknown command.
Casting: Summon Lightning Spire (safe; 1% risk of failure)
Confirm with . or Enter, or press ? or * to list all spells.
Aiming: Passwall (safe; 1% risk of failure)
Press: ? - help, Dir - move target cursor A rock wall.
You begin to meditate on the wall.
You continue meditating on the rock. x2
You finish merging with the rock.
Found a minotaur skeleton and a deep dwarf skeleton.
A fire crab and an entropy weaver come into view.
Wield which item (- for none, * to show all)? (? for menu, Esc to quit)
a - a +0 dagger (weapon)
Unknown command.
The helpless fire crab fails to defend itself.
You spit the fire crab like a pig!!!
You kill the fire crab!
Cheibriados appreciates the change of pace.
A fire crab comes into view.
The entropy weaver mumbles some strange words.
The entropic weave corrodes you!
The entropy weaver casts a spell.
The entropic weave corrodes you!
Unknown command.
Casting: Passwall (safe; 1% risk of failure)
Confirm with . or Enter, or press ? or * to list all spells.
Aiming: Passwall (safe; 1% risk of failure)
Press: ? - help, Dir - move target cursor A rock wall.
The entropy weaver hits you! x2; The entropy weaver hits you. x2
You begin to meditate on the wall.
You continue meditating on the rock.
The entropy weaver hits you!
* * * LOW HITPOINT WARNING * * *
The entropy weaver hits you!
* * * LOW HITPOINT WARNING * * *
The entropy weaver hits you!
* * * LOW HITPOINT WARNING * * *
The entropy weaver hits you!
You die...

#.# #.#
#.# #÷# ∆∆
#.# ∆
#.....#t#∆
∆
#.....#a#
∆
#.....#@#∆
∆
#.....#.#
∆
#....r#.#
#.....#÷#
#.....#.#
#.....#..
∆
#...#.####
#.....#
#....##


You could see an entropy weaver and a fire crab.

Vanquished Creatures
  A fire crab (Lair:4)
  Pikel (D:5)
  A spiny frog (Lair:2)
  A rime drake (Lair:5)
  3 blink frogs
  2 yaks (Lair:3)
  A hungry ghost (D:7)
  3 water moccasins
  A porcupine (Lair:1)
  A slave (D:5)
  A black bear (D:7)
  2 centaurs (D:5)
  A crocodile (Lair:2)
  3 bullfrogs
  5 killer bees (D:9)
  3 scorpions
  2 electric eels (Lair:4)
  A crimson imp (D:8)
  A bullfrog zombie (D:7)
  A jelly (D:8)
  A hound (D:5)
  An iguana (D:7)
  2 centaur skeletons
  A big kobold zombie (Ossuary)
  2 hound skeletons
  3 mummies (Ossuary)
  5 adders
  2 dart slugs (D:1)
  4 orcs
  2 ball pythons
  2 giant cockroaches
  A hobgoblin (D:1)
  A quokka (D:7)
  A bat (D:1)
  A frilled lizard (D:3)
  A gnoll zombie (Ossuary)
  2 goblins
  A kobold zombie (Ossuary)
  A quokka skeleton (D:8)
  2 rats
71 creatures vanquished.

Vanquished Creatures (collateral kills)
  An elephant (D:9)
  A black mamba (Lair:3)
  Joseph (D:9)
  2 spiny frogs
  7 blink frogs
  3 hippogriffs
  3 yaks (Lair:3)
  A basilisk (D:9)
  Menkaure (D:6)
  2 water moccasins
  A porcupine (Lair:3)
  2 slaves (D:5)
  2 ogres
  3 orc warriors
  A phantom (D:6)
  2 crocodiles
  6 bullfrogs
  A big kobold (D:8)
  A scorpion (D:8)
  A killer bee (D:9)
  A crimson imp (D:5)
  A bullfrog zombie (D:5)
  A jelly (D:7)
  2 hounds (D:8)
  An orc priest (D:7)
  2 orc wizards (D:8)
  2 worker ants
  A hound skeleton (D:8)
  4 mummies (Ossuary)
  A worker ant zombie (D:8)
  3 adders
  2 leopard geckos (D:1)
  9 orcs
  4 bats
  2 giant cockroaches
  2 gnoll zombies (Ossuary)
  2 goblins
  4 hobgoblins
  A jackal (D:1)
  6 kobolds
  A quokka (D:2)
  3 frilled lizards
  2 hobgoblin zombies (Ossuary)
  An orc zombie (Ossuary)
  2 rats
  A plant (Lair:2)
103 creatures vanquished.

Vanquished Creatures (others)
  4 plants
4 creatures vanquished.

Grand Total: 178 creatures vanquished

Notes
Turn   | Place    | Note
-------+----------+-------------------------------------------
     0 | D:1      | tidbits the Gnoll Summoner began the quest for the Orb.
     0 | D:1      | Reached XP level 1. HP: 13/13 MP: 6/6
   170 | D:1      | HP: 2/13 [dart slug/slug dart (3)]
   171 | D:1      | Reached XP level 2. HP: 4/19 MP: 4/7
   175 | D:1      | Learned a level 2 spell: Call Imp
   522 | D:2      | Reached XP level 3. HP: 23/25 MP: 7/9
   527 | D:2      | Learned a level 3 spell: Call Canine Familiar
   578 | D:2      | Reached skill level 5 in Spellcasting
   611 | D:2      | Reached skill level 1 in Invocations
   614 | D:2      | Found a glowing golden altar of the Shining One.
   766 | D:3      | Found a burning altar of Makhleb.
   771 | D:3      | Found a hazy altar of Hepliaklqana.
   797 | D:3      | Reached skill level 1 in Fighting
   797 | D:3      | Reached skill level 1 in Short Blades
   797 | D:3      | Reached skill level 1 in Long Blades
   797 | D:3      | Reached skill level 1 in Axes
   797 | D:3      | Reached skill level 1 in Maces & Flails
   797 | D:3      | Reached skill level 1 in Polearms
   797 | D:3      | Reached skill level 1 in Staves
   797 | D:3      | Reached skill level 1 in Slings
   797 | D:3      | Reached skill level 1 in Bows
   797 | D:3      | Reached skill level 1 in Crossbows
   797 | D:3      | Reached skill level 1 in Throwing
   797 | D:3      | Reached skill level 1 in Armour
   797 | D:3      | Reached skill level 1 in Shields
   797 | D:3      | Reached skill level 1 in Unarmed Combat
   797 | D:3      | Reached skill level 1 in Evocations
   823 | D:3      | Found a snail-covered altar of Cheibriados.
   831 | D:3      | Became a worshipper of Cheibriados the Contemplative
   899 | D:3      | Reached XP level 4. HP: 32/32 MP: 11/11
   905 | D:3      | Learned a level 4 spell: Summon Lightning Spire
   999 | D:5      | Entered Level 5 of the Dungeon
  1191 | D:5      | Noticed a slave
  1193 | D:5      | Noticed a slave
  1195 | D:5      | Noticed a slave
  1197 | D:5      | Noticed Pikel
  1198 | D:5      | Noticed a slave
  1200 | D:5      | Killed a slave
  1203 | D:5      | Killed a slave
  1205 | D:5      | Killed a slave
  1208 | D:5      | HP: 6/32 [Pikel/whip of freezing (4)]
  1213 | D:5      | Killed Pikel
  1213 | D:5      | Reached skill level 2 in Fighting
  1213 | D:5      | Reached skill level 2 in Short Blades
  1213 | D:5      | Reached skill level 2 in Long Blades
  1213 | D:5      | Reached skill level 2 in Axes
  1213 | D:5      | Reached skill level 2 in Maces & Flails
  1213 | D:5      | Reached skill level 2 in Polearms
  1213 | D:5      | Reached skill level 2 in Staves
  1213 | D:5      | Reached skill level 2 in Slings
  1213 | D:5      | Reached skill level 2 in Bows
  1213 | D:5      | Reached skill level 2 in Crossbows
  1213 | D:5      | Reached skill level 2 in Throwing
  1213 | D:5      | Reached skill level 2 in Armour
  1213 | D:5      | Reached skill level 5 in Dodging
  1213 | D:5      | Reached skill level 2 in Shields
  1213 | D:5      | Reached skill level 2 in Unarmed Combat
  1213 | D:5      | Reached skill level 1 in Conjurations
  1213 | D:5      | Reached skill level 1 in Hexes
  1213 | D:5      | Reached skill level 1 in Charms
  1213 | D:5      | Reached skill level 1 in Necromancy
  1213 | D:5      | Reached skill level 1 in Translocations
  1213 | D:5      | Reached skill level 1 in Transmutations
  1213 | D:5      | Reached skill level 1 in Fire Magic
  1213 | D:5      | Reached skill level 1 in Ice Magic
  1213 | D:5      | Reached skill level 1 in Air Magic
  1213 | D:5      | Reached skill level 1 in Earth Magic
  1213 | D:5      | Reached skill level 1 in Poison Magic
  1213 | D:5      | Reached skill level 2 in Invocations
  1213 | D:5      | Reached skill level 2 in Evocations
  1213 | D:5      | Reached XP level 5. HP: 38/38 MP: 2/12
  1213 | D:5      | Reached XP level 6. HP: 44/44 MP: 2/14
  1282 | D:5      | Reached XP level 7. HP: 20/50 MP: 11/15
  1449 | D:5      | Reached skill level 2 in Conjurations
  1449 | D:5      | Reached skill level 2 in Hexes
  1449 | D:5      | Reached skill level 2 in Charms
  1449 | D:5      | Reached skill level 2 in Necromancy
  1449 | D:5      | Reached skill level 2 in Translocations
  1449 | D:5      | Reached skill level 2 in Transmutations
  1449 | D:5      | Reached skill level 2 in Fire Magic
  1449 | D:5      | Reached skill level 2 in Ice Magic
  1449 | D:5      | Reached skill level 2 in Air Magic
  1449 | D:5      | Reached skill level 2 in Earth Magic
  1449 | D:5      | Reached skill level 2 in Poison Magic
  1451 | D:5      | Reached skill level 5 in Stealth
  1545 | D:6      | Noticed Menkaure
  1556 | D:6      | Killed Menkaure
  1556 | D:6      | Reached skill level 3 in Invocations
  1565 | D:6      | Gained mutation: You are partially covered in iridescent
                  | scales. (AC +2) [potion of mutation]
  1565 | D:6      | Gained mutation: Your mind is acute. (Int +2) [potion of
                  | mutation]
  1600 | D:7      | Reached * piety under Cheibriados
  1600 | D:7      | Reached XP level 8. HP: 48/57 MP: 11/16
  1691 | D:7      | Found Yrhado's Antique Weapon Emporium.
  1699 | D:7      | Bought a runed flail for 182 gold pieces
  1753 | D:7      | Reached skill level 3 in Fighting
  1753 | D:7      | Reached skill level 3 in Short Blades
  1753 | D:7      | Reached skill level 3 in Long Blades
  1753 | D:7      | Reached skill level 3 in Axes
  1753 | D:7      | Reached skill level 3 in Maces & Flails
  1753 | D:7      | Reached skill level 3 in Polearms
  1753 | D:7      | Reached skill level 3 in Staves
  1753 | D:7      | Reached skill level 3 in Slings
  1753 | D:7      | Reached skill level 3 in Bows
  1753 | D:7      | Reached skill level 3 in Crossbows
  1753 | D:7      | Reached skill level 3 in Throwing
  1753 | D:7      | Reached skill level 3 in Armour
  1753 | D:7      | Reached skill level 3 in Shields
  1753 | D:7      | Reached skill level 3 in Unarmed Combat
  1753 | D:7      | Reached skill level 3 in Evocations
  1780 | D:7      | Found a sand-covered staircase.
  1785 | Ossuary  | Entered an ossuary
  1804 | Ossuary  | Reached skill level 6 in Spellcasting
  2248 | D:8      | Reached ** piety under Cheibriados
  2258 | D:8      | Learned a level 2 spell: Passwall
  2327 | D:9      | Found a staircase to the Orcish Mines.
  2352 | D:8      | Reached skill level 3 in Conjurations
  2352 | D:8      | Reached skill level 3 in Hexes
  2352 | D:8      | Reached skill level 3 in Charms
  2352 | D:8      | Reached skill level 3 in Necromancy
  2352 | D:8      | Reached skill level 3 in Translocations
  2352 | D:8      | Reached skill level 3 in Transmutations
  2352 | D:8      | Reached skill level 3 in Fire Magic
  2352 | D:8      | Reached skill level 3 in Ice Magic
  2352 | D:8      | Reached skill level 3 in Air Magic
  2352 | D:8      | Reached skill level 3 in Earth Magic
  2352 | D:8      | Reached skill level 3 in Poison Magic
  2352 | D:8      | Reached skill level 4 in Invocations
  2359 | D:8      | Reached XP level 9. HP: 65/65 MP: 13/18
  2364 | D:8      | Reached skill level 6 in Dodging
  2494 | D:9      | Noticed Joseph
  2502 | D:9      | Killed Joseph
  2502 | D:9      | Reached skill level 4 in Fighting
  2502 | D:9      | Reached skill level 4 in Short Blades
  2502 | D:9      | Reached skill level 4 in Long Blades
  2502 | D:9      | Reached skill level 4 in Axes
  2502 | D:9      | Reached skill level 4 in Maces & Flails
  2502 | D:9      | Reached skill level 4 in Polearms
  2502 | D:9      | Reached skill level 4 in Staves
  2502 | D:9      | Reached skill level 4 in Slings
  2502 | D:9      | Reached skill level 4 in Bows
  2502 | D:9      | Reached skill level 4 in Crossbows
  2502 | D:9      | Reached skill level 4 in Throwing
  2502 | D:9      | Reached skill level 4 in Armour
  2502 | D:9      | Reached skill level 4 in Shields
  2502 | D:9      | Reached skill level 4 in Unarmed Combat
  2502 | D:9      | Reached skill level 4 in Evocations
  2538 | D:9      | Reached *** piety under Cheibriados
  2538 | D:9      | Reached skill level 6 in Stealth
  2538 | D:9      | Reached skill level 8 in Summonings
  2563 | D:9      | Noticed an elephant
  2574 | D:9      | Killed an elephant
  2584 | D:9      | Found a staircase to the Lair.
  2592 | D:9      | Reached skill level 5 in Invocations
  2613 | Lair:1   | Entered Level 1 of the Lair of Beasts
  2746 | Lair:2   | Reached XP level 10. HP: 73/73 MP: 20/20
  2755 | Lair:2   | Reached skill level 7 in Spellcasting
  2781 | Lair:2   | HP: 11/73 [blink frog (12)]
  2782 | Lair:2   | Reached skill level 4 in Conjurations
  2782 | Lair:2   | Reached skill level 4 in Hexes
  2782 | Lair:2   | Reached skill level 4 in Charms
  2782 | Lair:2   | Reached skill level 4 in Necromancy
  2782 | Lair:2   | Reached skill level 4 in Translocations
  2782 | Lair:2   | Reached skill level 4 in Transmutations
  2782 | Lair:2   | Reached skill level 4 in Fire Magic
  2782 | Lair:2   | Reached skill level 4 in Ice Magic
  2782 | Lair:2   | Reached skill level 4 in Air Magic
  2782 | Lair:2   | Reached skill level 4 in Earth Magic
  2782 | Lair:2   | Reached skill level 4 in Poison Magic
  2793 | Lair:2   | HP: 8/73 [blink frog (14)]
  2799 | Lair:2   | Reached skill level 5 in Fighting
  2799 | Lair:2   | Reached skill level 5 in Short Blades
  2799 | Lair:2   | Reached skill level 5 in Long Blades
  2799 | Lair:2   | Reached skill level 5 in Axes
  2799 | Lair:2   | Reached skill level 5 in Maces & Flails
  2799 | Lair:2   | Reached skill level 5 in Polearms
  2799 | Lair:2   | Reached skill level 5 in Staves
  2799 | Lair:2   | Reached skill level 5 in Slings
  2799 | Lair:2   | Reached skill level 5 in Bows
  2799 | Lair:2   | Reached skill level 5 in Crossbows
  2799 | Lair:2   | Reached skill level 5 in Throwing
  2799 | Lair:2   | Reached skill level 5 in Armour
  2799 | Lair:2   | Reached skill level 5 in Shields
  2799 | Lair:2   | Reached skill level 5 in Unarmed Combat
  2799 | Lair:2   | Reached skill level 5 in Evocations
  2903 | Lair:2   | Found a transporter.
  2905 | Lair:2   | Found a transporter.
  2905 | Lair:2   | Noticed colophon's ghost (journeyman KoEn)
  2908 | Lair:2   | Noticed a spiny frog
  2997 | Lair:2   | Noticed a spiny frog
  3003 | Lair:2   | Killed a spiny frog
  3022 | Lair:2   | Reached skill level 7 in Dodging
  3139 | Lair:3   | Reached **** piety under Cheibriados
  3165 | Lair:3   | Noticed a spiny frog
  3169 | Lair:3   | Killed a spiny frog
  3222 | Lair:3   | Noticed a black mamba
  3228 | Lair:3   | Killed a black mamba
  3228 | Lair:3   | Reached skill level 6 in Invocations
  3241 | Lair:3   | Reached skill level 7 in Stealth
  3368 | Lair:4   | Noticed a spiny frog
  3374 | Lair:4   | Killed a spiny frog
  3383 | Lair:5   | Noticed an oklob plant
  3416 | Lair:4   | Reached XP level 11. HP: 43/81 MP: 19/22
  3505 | Lair:4   | Noticed an entropy weaver
  3505 | Lair:4   | Noticed a fire crab
  3506 | Lair:4   | Killed a fire crab
  3508 | Lair:4   | Noticed a fire crab
  3511 | Lair:4   | HP: 16/81 [entropy weaver (13)]
  3511 | Lair:4   | Mangled by an entropy weaver

Skill      XL: |  1  2  3  4  5  6  7  8  9 10 |
---------------+-------------------------------+-----
Spellcasting   | 5 6 7 |  7.8
Invocations    | 1 2 3 4 5 6 |  6.5
Fighting       | 1 2 3 4 5 |  5.9
Short Blades   | 1 2 3 4 5 |  5.9
Long Blades    | 1 2 3 4 5 |  5.9
Axes           | 1 2 3 4 5 |  5.9
Maces & Flails | 1 2 3 4 5 |  5.9
Polearms       | 1 2 3 4 5 |  5.9
Staves         | 1 2 3 4 5 |  5.9
Slings         | 1 2 3 4 5 |  5.9
Bows           | 1 2 3 4 5 |  5.9
Crossbows      | 1 2 3 4 5 |  5.9
Throwing       | 1 2 3 4 5 |  5.9
Armour         | 1 2 3 4 5 |  5.9
Shields        | 1 2 3 4 5 |  5.9
Unarmed Combat | 1 2 3 4 5 |  5.9
Evocations     | 1 2 3 4 5 |  5.9
Dodging        | 5 6 7 |  7.5
Conjurations   | 1 2 3 4 |  4.9
Hexes          | 1 2 3 4 |  4.9
Charms         | 1 2 3 4 |  4.9
Necromancy     | 1 2 3 4 |  4.9
Translocations | 1 2 3 4 |  4.9
Transmutations | 1 2 3 4 |  4.9
Fire Magic     | 1 2 3 4 |  4.9
Ice Magic      | 1 2 3 4 |  4.9
Air Magic      | 1 2 3 4 |  4.9
Earth Magic    | 1 2 3 4 |  4.9
Poison Magic   | 1 2 3 4 |  4.9
Stealth        | 5 6 7 |  7.3
Summonings     | 8 |  8.7

Action                   |  1- 3 |  4- 6 |  7- 9 | 10-12 || total
-------------------------+-------+-------+-------+-------++-------
Melee: Unarmed           |     9 |     2 |    22 |       ||    33
       Bite              |     2 |     3 |     9 |     8 ||    22
       Club              |    12 |       |       |       ||    12
       Dagger            |    21 |    13 |    19 |     7 ||    60
       Flail             |       |     1 |    84 |    32 ||   117
       Whip              |       |       |    16 |    20 ||    36
       Punch             |       |       |     2 |     3 ||     5
       Broad axe         |       |       |       |    10 ||    10
 Fire: Hunting sling     |       |     8 |       |       ||     8
Throw: Stone             |       |     1 |    26 |       ||    27
       Tomahawk          |       |       |     3 |    13 ||    16
 Cast: Summon Small Mamm |    31 |       |     2 |       ||    33
       Call Imp          |     5 |       |       |       ||     5
       Call Canine Famil |     4 |       |       |       ||     4
       Summon Lightning  |       |     4 |    29 |    13 ||    46
       Passwall          |       |       |     3 |     5 ||     8
Evoke: Wand              |       |       |       |     4 ||     4
  Use: Scroll            |     4 |     2 |     8 |     2 ||    16
       Potion            |       |     3 |     2 |     1 ||     6
 Stab: Sleeping          |     7 |     2 |     9 |     6 ||    24
       Distracted        |       |       |     3 |     4 ||     7
  Eat: Chunk             |       |     2 |     1 |       ||     3
       Ration            |       |     1 |     1 |     1 ||     3
Armor: Robe              |    14 |       |    18 |     8 ||    40
       Skin              |       |     1 |    26 |       ||    27
Dodge: Dodged            |    29 |    14 |   105 |    73 ||   221
Block: Other             |     1 |       |       |       ||     1

Table legend:
 A = Turns spent in this place as a percentage of turns spent in the entire game.
 B = Non-inter-level travel turns spent in this place as a percentage of non-inter-level travel turns spent in the entire game.
 C = Inter-level travel turns spent in this place as a percentage of turns spent in this place.
 D = Turns resting spent in this place as a percentage of non-inter-level travel turns spent in this place.
 E = Turns spent auto-exploring this place as a percentage of non-inter-level travel turns spent in this place.
 F = Non-inter-level travel turns spent in this place divided by the number of levels of this place that you've seen.
                   A       B       C       D       E      F
               +-------+-------+-------+-------+-------+----------------------
         Total | 100.0 | 100.0 |   1.9 |   0.0 |   0.0 | 229.7
       Dungeon |  70.1 |  69.6 |   2.6 |   0.0 |   0.0 | 266.3
          Lair |  25.6 |  26.1 |   0.0 |   0.0 |   0.0 | 179.6
       Ossuary |   4.3 |   4.4 |   0.0 |   0.0 |   0.0 | 151.0
               +-------+-------+-------+-------+-------+----------------------

Table legend:
 A = Kills in this place as a percentage of kills in entire the game.
 B = Kills by you in this place as a percentage of kills by you in the entire game.
 C = Kills by friends in this place as a percentage of kills by friends in the entire game.
 D = Other kills in this place as a percentage of other kills in the entire game.
 E = Experience gained in this place as a percentage of experience gained in the entire game.
 F = Experience gained in this place divided by the number of levels of this place that you have seen.
                   A       B       C       D       E      F
               +-------+-------+-------+-------+-------+----------------------
         Total | 100.0 | 100.0 | 100.0 |   N/A | 100.0 | 705.3
       Dungeon |  68.8 |  67.1 |  70.0 |   N/A |  38.7 | 454.4
          Lair |  22.4 |  24.3 |  21.0 |   N/A |  60.2 | 1274.8
       Ossuary |   8.8 |   8.6 |   9.0 |   N/A |   1.1 | 116.0
               +-------+-------+-------+-------+-------+----------------------

Vault maps used:
D:1:      lightli_arrival_noodles, minmay_heptomino_l4
D:2:      nicolae_overflow_hidden_temple, overflow_temple_1_default,
          uniq_jessica
D:3:      lemuel_coloured_pillars_altar, fedhas_altar_2,
          grunt_temple_overflow_open, first_ration, uniq_grinder
D:4:      uniq_blork_the_orc
D:5:      uniq_pikel
D:6:      kennysheep_little_box, uniq_menkaure
D:7:      temple_hall, nicolae_ossuary_entry_false_entrances, serial_shops, shop
D:9:      david_lair_generic, orc_0_dummy, hangedman_ranch,
          nicolae_ru_awakened_eye, uniq_joseph
Lair:1:   beast_lair_carwin_7, uniq_gastronok, uniq_sonja
Lair:2:   gammafunk_ghost_arena
Lair:4:   gammafunk_mikee_crab_dinner, elwin_shoals_entry_stream,
          guppyfry_snake_entry_island, st_stairs_9, minmay_lair_oklob_chamber,
          serial_bayou_shore_a, grunt_megastairs_2, infiniplex_staircase_pool
Lair:5:   regret_index_wax_grids
Ossuary:  ossuary_tomb_3
